AoeStats
← WonderbraM

Nomad

508277436Analyzed
3v3 RM · 10d ago on Sep 21, 2026· 61m 12s· 6 players
Game mode
Random Map
Map size
210×210
Population
200
Speed
Normal
Resources
Standard
Victory
Conquest
Starting age
Dark Age
Ending age
Imperial Age
RankedLock teamsTeams togetherTeam positionsShared explorationLock speedFull tech treeHidden civsTurbo modeCheats
Victory
Defeat
🇩🇪 Spanish · Germany
799
+14
729
+16
🇺🇸 Portuguese · United States
717
+16
🇧🇪 Vikings · Belgium
758
-16
🇧🇪 Koreans · Belgium
753
-16
🇧🇪 Wei · Belgium
710
-14
WonderbraM
6:22 Loom
17:45 Feudal Age
19:24 Horse Collar
19:48 Double-Bit Axe
28:45 Castle Age
27:08 Forging
26:49 Fletching
27:14 Forging
27:05 Scale Mail Armor
28:14 Fishing Lines
29:41 Gillnets
30:03 Medium Warships
29:51 Gillnets
31:48 Gambesons
34:42 Ballistics
34:18 Murder Holes
36:45 Stone Mining
38:17 Gold Mining
39:17 Pikeman
47:14 Imperial Age
45:19 Squires
45:59 Iron Casting
46:13 Town Watch
48:20 Gold Shaft Mining
48:30 Conscription
52:01 Chain Mail Armor
52:47 Blast Furnace
54:48 Chemistry
55:22 Town Patrol
57:34 Capped Ram
59:26 Chieftains
MrSummertime
7:58 Loom
14:17 Feudal Age
20:12 Wheelbarrow
20:35 Double-Bit Axe
22:18 Horse Collar
24:54 Fletching
34:40 Castle Age
43:46 Bow Saw
47:42 Heavy Plow
53:24 Imperial Age
58:42 Bodkin Arrow
58:53 Scale Barding Armor
60:38 Hand Cart
Amoe(BE)
14:11 Feudal Age
16:17 Double-Bit Axe
20:31 Wheelbarrow
21:10 Horse Collar
24:48 Fletching
25:11 Forging
25:01 Scale Mail Armor
25:09 Scale Barding Armor
26:04 Gold Mining
26:09 Stone Mining
28:33 Castle Age
30:27 Medium Warships
30:20 Bodkin Arrow
30:29 Heavy Plow
32:16 Iron Casting
32:34 Hand Cart
32:38 Bow Saw
32:31 Squires
31:51 Pikeman
31:52 Man-at-Arms
33:04 Chain Barding Armor
35:10 Chain Mail Armor
34:20 Long Swordsman
34:46 Arson
35:50 Thumb Ring
35:06 Crossbowman
35:07 Elite Skirmisher
36:36 Town Watch
41:37 Imperial Age
41:27 Town Patrol
41:13 Loom
41:29 Guard Tower
42:00 Ballistics
41:35 Murder Holes
43:06 Conscription
43:20 Ming Guang Armor
43:51 Parthian Tactics
43:09 Two-Handed Swordsman
45:03 Heavy Hei Guang Cavalry
45:46 Husbandry
45:59 Bloodlines
46:08 Light Cavalry
53:08 Halberdier
53:53 Bracer
53:18 Hussar
54:11 Tuntian
58:42 Blast Furnace
Pablo Sanchez
4:11 Loom
15:21 Feudal Age
20:21 Castle Age
21:46 Double-Bit Axe
30:10 Horse Collar
34:49 Imperial Age
32:58 Wheelbarrow
35:23 Circumnavigation
42:04 Fletching
42:28 Forging
43:30 Bow Saw
43:24 Heavy Plow
45:23 Chemistry
44:44 Ballistics
44:47 Gambesons
46:37 Elite Organ Gun
47:26 Arquebus
47:46 Conscription
48:27 Gold Mining
48:28 Stone Mining
52:10 Bombard Tower
Pjoddiboy
10:02 Loom
17:44 Feudal Age
18:45 Fishing Lines
19:07 Horse Collar
20:04 Wheelbarrow
18:54 Man-at-Arms
19:20 Arson
21:37 Town Watch
24:45 Fletching
24:58 Padded Archer Armor
31:36 Castle Age
32:28 Medium Warships
32:09 Gillnets
33:00 Bodkin Arrow
33:27 Heavy Plow
33:15 Double-Bit Axe
35:17 Bow Saw
35:27 Hand Cart
37:27 Gold Mining
37:28 Stone Mining
38:18 Leather Archer Armor
38:37 Scale Barding Armor
39:10 Gillnets
40:08 Bloodlines
40:00 Husbandry
41:49 Town Patrol
48:28 Imperial Age
46:56 Scale Barding Armor
47:01 Forging
47:01 Caravan
47:55 Chain Barding Armor
47:00 Light Cavalry
50:14 Iron Casting
49:41 Scale Mail Armor
49:48 Thumb Ring
49:05 Elite Skirmisher
49:25 Cavalier
50:25 Guilds
51:56 Plate Barding Armor
53:20 Two-Man Saw
53:23 Conscription
53:26 Supremacy
54:46 Blast Furnace
54:17 Ring Archer Armor
54:04 Chain Mail Armor
53:50 Bracer
53:59 Inquisition
54:34 Paladin
55:53 Hussar
Trakturek《🚜》Zetturek
16:23 Feudal Age
14:39 Loom
17:53 Wheelbarrow
20:58 Double-Bit Axe
21:56 Fishing Lines
22:44 Horse Collar
25:47 Castle Age
27:39 Caravan
28:44 Hand Cart
28:28 Gold Mining
28:32 Stone Mining
28:33 Gold Mining
30:26 Medium Warships
30:16 Gillnets
30:54 Bow Saw
36:50 Imperial Age
36:57 Scale Barding Armor
36:53 Padded Archer Armor
36:44 Fletching
37:10 Chatras
39:23 Paper Money
40:11 Two-Man Saw
40:20 Heavy Warships
41:41 Heavy Plow
43:48 Chemistry
43:09 Ballistics
42:45 Murder Holes
42:31 Treadmill Crane
43:30 Stone Shaft Mining
45:51 Bombard Tower
45:11 Elite Rattan Archer
46:31 Elite Battle Elephant
52:07 Chain Barding Armor
52:02 Leather Archer Armor
51:43 Bodkin Arrow
Connection lost

Rejoining the realm…

Still unreachable

The connection could not be restored.

Session expired

The server has moved on; the page needs a fresh start.